 Dungeon Crawl Stone Soup version 0.20.1-1-g8b1a95d (webtiles) character file.

56 Zachthehappycat the Skirmisher (level 3, -2/33 HPs)
             Began as a Draconian Chaos Knight on July 5, 2017.
             Slain by Sigmund the wolf (6 damage)
             ... on level 2 of the Dungeon.
             The game lasted 00:03:16 (1482 turns).

Zachthehappycat the Skirmisher (DrCK)               Turns: 1482, Time: 00:03:18

Health: -2/33      AC:  5    Str: 15    XL:     3   Next: 69%
Magic:  3/3        EV: 12    Int: 12    God:    Xom [..*...]
Gold:   62         SH:  0    Dex: 10    Spells: 2/2 levels left

rFire    . . .     SeeInvis .   a - +0 falchion (chaos)
rCold    . . .     Gourm    .   (no shield)
rNeg     . . .     Faith    .   (armour unavailable)
rPois    .         Spirit   .   (helmet restricted)
rElec    .         Reflect  .   (no cloak)
rCorr    .         Harm     .   (no gloves)
MR       .....                  (no boots)
Stlth    ++........             (no amulet)
Regen    0.2/turn               (no ring)
MPRegen  0.1/turn               (no ring)

@: no status effects
A: unfitting armour, cold-blooded, AC +5
a: Renounce Religion


You were on level 2 of the Dungeon.
You worshipped Xom.
You were a toy of Xom.
You were hungry.

You visited 1 branch of the dungeon, and saw 2 of its levels.

You collected 62 gold pieces.

Inventory:

Hand Weapons
 a - a +0 falchion of chaos (weapon)
Jewellery
 r - an uncursed amulet of the gourmand {unknown}
Scrolls
 c - a scroll of enchant armour {unknown}
 f - a scroll of amnesia {unknown}
 g - 2 scrolls of identify {unknown}
 h - a scroll of random uselessness {unknown}
 j - a scroll of remove curse {unknown}
 k - a scroll of magic mapping {unknown}
 m - a scroll of teleportation {unknown}
 n - 3 scrolls of immolation {unknown}
 p - a scroll of enchant weapon {unknown}
Potions
 d - a potion of curing
 e - a potion of heal wounds {unknown}
 l - a potion of might {unknown}
 o - a potion of mutation {unknown}
Comestibles
 b - 2 bread rations
 i - 2 meat rations
 q - a royal jelly


   Skills:
 + Level 3.8 Fighting
 + Level 3.6 Long Blades
 + Level 2.4 Dodging
 * Level 1.6 Stealth


You had 2 spell levels left.
You didn't know any spells.

Dungeon Overview and Level Annotations

Branches:
Dungeon (2/15)

Altars:
Ashenzari

Annotations:
D:2 Sigmund


Innate Abilities, Weirdness & Mutations

Your plain brown scales are hard. (AC +5)
You cannot fit into any form of body armour.
You are cold-blooded and may be slowed by cold attacks.


Message History

Sigmund drinks a potion.
Sigmund is healed!
You hit Sigmund.
Sigmund evaporates and reforms as a wolf!
Sigmund is lightly wounded.
Sigmund bites you.
You hit Sigmund.
Sigmund is poisoned.
Your tail-slap misses Sigmund.
Sigmund is moderately wounded.
Sigmund bites you. x2
You hit Sigmund. You freeze Sigmund.
Your tail-slap misses Sigmund.
Sigmund is heavily wounded.
Sigmund misses you.
You riposte.
You miss Sigmund.
Sigmund is heavily wounded.
Sigmund bites you.
You miss Sigmund.
Sigmund is heavily wounded.
Sigmund bites you!
* * * LOW HITPOINT WARNING * * *
Sigmund bites you.
You die...
Xom cackles wildly!

... #### #.# ####
...# #.# #.. ...#
#.# #.#######.#
####
#.#####.##h.....#
#####
#.##....##@#
....#
#..#.#..##.#
###.#
#..._...##.# #.#
#.##.#.....#
###.#
#.#..###.###
..#.###.#.## #.#
#.#.....#. #.#
..#######. #.#
####### #. #.#


You could see Sigmund the wolf.

Vanquished Creatures
  An adder (D:2)
  2 worms (D:2)
  A dart slug (D:1)
  A leopard gecko (D:1)
  5 giant cockroaches
  6 goblins
  5 hobgoblins
  2 bats
  2 frilled lizards
  5 kobolds
  4 rats (D:1)
34 creatures vanquished.

Vanquished Creatures (others)
  A worm (shapeshifter) (D:2)
1 creature vanquished.

Grand Total: 35 creatures vanquished

Notes
Turn   | Place    | Note
-------+----------+-------------------------------------------
     0 | D:1      | Zachthehappycat the Draconian Chaos Knight began the quest for the Orb.
     0 | D:1      | Reached XP level 1. HP: 19/19 MP: 1/1
    67 | D:1      | Reached XP level 2. HP: 22/26 MP: 2/2
   550 | D:1      | XOM: harmless Summ miscast
   670 | D:1      | Reached skill level 1 in Stealth
   826 | D:1      | Reached XP level 3. HP: 22/31 MP: 3/3
  1461 | D:2      | Found a shattered altar of Ashenzari.
  1470 | D:2      | Noticed Sigmund
  1479 | D:2      | Noticed Sigmund
  1479 | D:2      | Sigmund changed into Sigmund the wolf
  1482 | D:2      | Slain by Sigmund the wolf

Skill      XL: |  1  2 |
---------------+-------+-----
Stealth        | 1 |  1.6
Fighting       | |  3.8
Long Blades    | |  3.6
Dodging        | |  2.4

Action                   || total
-------------------------++-------
Melee: Falchion          ||    91
       Tailslap          ||    16
 Stab: Sleeping          ||     3
  Eat: Chunk             ||     1
Armor: Skin              ||    22
Dodge: Dodged            ||    51
       Rpst.: Falchion   ||    16
